AoeStats
← [KMNB] Bandeira

Lombardia

507712368Analyzed
3v3 RM · 14d ago on Sep 19, 2026· 18m 20s· 6 players
Game mode
Random Map
Map size
Normal (6 player)
Population
200
Speed
Normal
Resources
Standard
Victory
Conquest
Starting age
Dark Age
Ending age
Imperial Age
RankedLock teamsTeams togetherTeam positionsShared explorationLock speedFull tech treeHidden civsTurbo modeCheats
Victory
Defeat
🇧🇷 Ethiopians · Brazil
1590
+12
🇧🇷 Magyars · Brazil
1487
+17
🇧🇷 Mongols · Brazil
1400
+20
🇫🇷 Persians · France
1573
-19
🇷🇺 Celts · Russia
1481
-16
🇩🇪 Koreans · Germany
1448
-14
[KMNB] Dedão
6:50 Loom
8:51 Feudal Age
11:01 Double-Bit Axe
10:59 Horse Collar
13:20 Wheelbarrow
14:03 Bloodlines
14:48 Forging
20:43 Castle Age
[KMNB] Bandeira
6:49 Loom
9:12 Feudal Age
9:54 Double-Bit Axe
12:01 Horse Collar
Fs.Khronos
9:12 Feudal Age
7:33 Loom
9:44 Double-Bit Axe
14:14 Fletching
omardaf56
5:55 Loom
8:35 Feudal Age
9:28 Double-Bit Axe
YuriiVegas
2:40 Loom
10:23 Feudal Age
11:46 Double-Bit Axe
11:57 Horse Collar
14:23 Gold Mining
18:19 Wheelbarrow
Long John Silver
11:31 Feudal Age
12:20 Double-Bit Axe
12:36 Horse Collar
15:01 Castle Age
Connection lost

Rejoining the realm…

Still unreachable

The connection could not be restored.

Session expired

The server has moved on; the page needs a fresh start.